 Dungeon Crawl Stone Soup version 0.28.0-45-g0d030f2227 (webtiles) character file.

Game seed: 8132083927791920914

277 pkoi the Charlatan (level 5, -7/39 HPs)
             Began as a Demigod Artificer on Apr 4, 2022.
             Mangled by an ogre
             ... wielding a +0 giant club
              (10 damage)
             ... on level 5 of the Dungeon.
             The game lasted 00:10:27 (7023 turns).

pkoi the Charlatan (Demigod Artificer)              Turns: 7023, Time: 00:10:28

Health: -7/39      AC:  5    Str: 17    XL:     5   Next: 74%
Magic:  7/7        EV: 11    Int: 13    God:
Gold:   184        SH:  0    Dex: 14    Spells: 4/4 levels left

rFire   . . .      SeeInvis .   j - +0 rapier
rCold   . . .      Faith    .   (no shield)
rNeg    . . .      Spirit   .   b - +0 leather armour
rPois   .          Reflect  .   (no helmet)
rElec   .          Harm     .   (no cloak)
rCorr   .          Rampage  .   k - +1 pair of gloves
Will    .....                   (no boots)
Stlth   +.........              (no amulet)
HPRegen 0.13/turn               (no ring)
MPRegen 0.10/turn               (no ring)

@: marked
A: high MP 1, forlorn, divine attributes
a: no special abilities


You were on level 5 of the Dungeon.
You visited 1 branch of the dungeon, and saw 5 of its levels.

You collected 184 gold pieces.

Inventory:

Hand Weapons
 a - a +0 club
 h - a +0 dagger
 j - a +0 rapier (weapon)
Missiles
 l - 13 poisoned darts
 m - 3 boomerangs
 o - a curare-tipped dart
Armour
 b - a +0 leather armour (worn)
 k - a +1 pair of gloves (worn)
Jewellery
 n - an amulet of reflection
Wands
 c - a wand of flame (5) (quivered)
 d - a wand of charming (10)
Scrolls
 g - 4 scrolls of identify
Potions
 f - a potion of mutation
 i - a potion of attraction
Miscellaneous
 e - a piece from Xom's chessboard (13/15)


   Skills:
 - Level 0.8 Fighting
 - Level 1.7 Armour
 - Level 0.8 Dodging
 - Level 0.8 Stealth
 + Level 3.7 Unarmed Combat
 + Level 4.7 Evocations


You had 4 spell levels left.
You didn't know any spells.
Your spell library contained the following spells:

 Spells                   Type           Power      Damage    Failure   Level
 Fireball                 Conj/Fire      0%         3d3       100%        5
 Iskenderun's Battlesphe  Conj           0%         2d6       100%        5
 Conjure Ball Lightning   Conj/Air       0%         3x3d6     100%        6
 Orb of Destruction       Conj           0%         9d5       100%        7


Dungeon Overview and Level Annotations

Branches:
Dungeon (5/15)
 Temple: D:4-7

Shops:
D:4 *

Annotations:
D:3 1 runed translucent door, NinjaNoafa's ghost, amateur GnAM


Innate Abilities, Weirdness & Mutations

You have an increased reservoir of magic. (+10% MP)
You shall have no god before yourself.
Your divine heritage dramatically boosts your attributes as you level up.


Message History

The adder bites you.
You are poisoned.
The adder poisons you!
You hit the adder.
The adder is moderately wounded.
You feel sick. The adder misses you. The adder barely misses you.
You feel sick.
You feel sick.
You feel sick. The adder completely misses you.
You feel sick.
You feel sick.
You are no longer poisoned.
The adder bites you.
* * * LOW HITPOINT WARNING * * *
The adder closely misses you.
There is a stone staircase leading down here.
The adder closely misses you. The ogre hits you with a +0 giant club!
* * * LOW HITPOINT WARNING * * *
You climb downwards.
A sourceless malevolence fills the Dungeon...
With a horrendous wail, an alarm goes off!
A sentinel's mark forms upon you.
You hear a bark!
You hear a shout! x6
Found a fizzy orange potion and 16 arrows.
There is a stone staircase leading up here.
You make a move on Xom's chessboard...
The adder seems to speed up.
The adder barely misses you. The adder bites you but does no damage.
The ogre hits you with a +0 giant club!
* * * LOW HITPOINT WARNING * * *
Unknown command.
Okay, then.
You make a move on Xom's chessboard...
The ogre falls asleep!
The adder completely misses you. The adder barely misses you.
A sky beast comes into view.
The helpless ogre fails to defend itself.
You puncture the ogre!
The ogre is heavily wounded.
The adder closely misses you. The adder bites you but does no damage.
The ogre hits you with a +0 giant club!
You die... # ....###### #....O@.# #Y#####S# !# .# .# .# (. ##

You could see a sky beast, an ogre and an adder (fast).

Vanquished Creatures
  A kobold brigand (D:4)
  A vampire bat (D:4)
  A hound (D:4)
  A jelly (D:3)
  A hound skeleton (D:3)
  4 adders
  2 worms
  3 dart slugs (D:1)
  5 endoplasms
  A giant cockroach (D:3)
  3 goblins
  10 hobgoblins
  2 jackals (D:2)
  2 quokkas
  5 ball pythons
  17 bats
  3 kobolds
  2 rats (D:1)
64 creatures vanquished.

Vanquished Creatures (collateral kills)
  An iguana (D:4)
  A hound skeleton (D:2)
  A giant cockroach (D:1)
  A jackal (D:2)
  2 rats (D:1)
6 creatures vanquished.

Vanquished Creatures (others)
  A goblin (D:1)
  A jackal (D:2)
2 creatures vanquished.

Grand Total: 72 creatures vanquished

Notes
Turn   | Place    | Note
-------+----------+-------------------------------------------
     0 | D:1      | pkoi the Demigod Artificer began the quest for the Orb.
     0 | D:1      | Reached XP level 1. HP: 15/15 MP: 3/3
   314 | D:1      | Reached skill level 1 in Unarmed Combat
   314 | D:1      | Reached skill level 3 in Evocations
   336 | D:1      | Reached XP level 2. HP: 6/22 MP: 4/4
  2077 | D:2      | Reached XP level 3. HP: 24/27 MP: 5/5
  3674 | D:3      | Reached XP level 4. HP: 32/34 MP: 6/6
  3842 | D:3      | Found a runed translucent door.
  3842 | D:3      | Noticed NinjaNoafa's ghost (amateur GnAM)
  3973 | D:3      | Reached skill level 4 in Evocations
  4486 | D:3      | Noticed a phantom
  5189 | D:4      | Found Ysautuut's Neck Hole.
  5342 | D:4      | Noticed a kobold brigand
  6230 | D:4      | Reached XP level 5. HP: 7/39 MP: 7/7
  6517 | D:4      | Noticed a necrophage
  7008 | D:4      | Noticed an ogre
  7020 | D:5      | Entered Level 5 of the Dungeon
  7022 | D:5      | Noticed a sky beast
  7023 | D:5      | Mangled by an ogre

Illustrated notes

Levels and vault maps discovered:
D:1:      eino_arrival_cavern_c, layout_basic
D:2:      layout_rooms, ebering_ecumenical_altar_hall
D:3:      layout_rooms, hellmonk_ghost_happy_afterlife,
          hangedman_decor_peaks_small, lightli_corner_chamber
D:4:      layout_layer_cave, roderic_batcave, nicolae_shop_sticking_my_neck_out
D:5:      layout_loops_corners, kennysheep_generic_room_12, uniq_pikel,
          uniq_duvessa, uniq_grinder, uniq_eustachio

Skill      XL: |  1  2  3  4 |
---------------+-------------+-----
Unarmed Combat | 1 2 3 |  3.7
Evocations     | 3 4 |  4.7
Fighting       | |  0.8
Armour         | |  1.7
Dodging        | |  0.8
Stealth        | |  0.8

Action                   |  1- 3 |  4- 6 || total
-------------------------+-------+-------++-------
Melee: Club              |   202 |    78 ||   280
       Punch             |     4 |     4 ||     8
       Rapier            |       |    59 ||    59
Evoke: Wand              |     9 |     6 ||    15
       Piece from Xom's  |       |     6 ||     6
  Use: Scroll            |     5 |     4 ||     9
       Potion            |     1 |     1 ||     2
 Stab: Sleeping          |     6 |     2 ||     8
       Distracted        |     1 |       ||     1
       Petrified         |       |    10 ||    10
Armor: Leather armour    |    89 |    98 ||   187
Dodge: Dodged            |   173 |   155 ||   328
